Map: 2000 Atmospheres LE

Players

DisK

  • Race: Protoss Protoss
  • League: Master

SpeCial - Winner!

  • Race: Terran Terran
  • League: Master

Event: DreamHack SC2 Masters Last Chance 2022

VOD

Have the link to the VOD?

Description

Time

  • Played on: Dec. 19, 2021, 6:57 p.m.
  • Length: 5:41

All games in this series

Show
View Real Time Build Order
Export as new Build Order

DisK Protoss 

Build Orders: 1 Gate Expand, Blink Stalkers 

Get SALT Encoding   

  12  0:00  Probe  
  13  0:12  Probe  
  14  0:17  Pylon  
  14  0:24  Probe (Chrono Boost)  
  15  0:35  Gateway  
  15  0:36  Probe (Chrono Boost)  
  16  0:45  Probe (Chrono Boost)  
  16  0:46  Assimilator  
  17  0:51  Probe  
  18  1:03  Probe  
  19  1:15  Probe  
  20  1:22  Cybernetics Core  
  20  1:32  Nexus  
  22  1:42  Pylon  
  22  1:43  Probe  
  21  1:48  Assimilator  
  21  1:56  Probe  
  21  1:58  Adept (Chrono Boost)  
  24  2:01  Warp Gate  
  24  2:08  Probe  
  25  2:20  Probe  
  25  2:21  Stalker  
  28  2:32  Probe (Chrono Boost)  
  28  2:35  Twilight Council  
  30  2:44  Probe (Chrono Boost)  
  30  2:45  Probe (Chrono Boost)  
  30  2:51  Stalker  
  30  2:53  Probe x2 (Chrono Boost)  
  34  2:58  Probe x2 (Chrono Boost)  
  36  3:08  Gateway  
  36  3:10  Probe  
  36  3:11  Probe  
  36  3:12  Blink (Chrono Boost)  
  38  3:22  Stalker  
  40  3:27  Pylon  
  40  3:28  Probe  
  40  3:31  Probe  
  42  3:39  Robotics Facility  
  42  3:40  Probe  
  43  3:44  Probe  
  43  3:45  Shield Battery  
  44  3:54  Probe  
  45  3:56  Probe  
  45  4:01  Stalker, Assimilator  
  48  4:03  Pylon  
  48  4:06  Probe  
  48  4:08  Stalker  
  51  4:12  Probe  
  51  4:13  Pylon  
  48  4:31  Stalker x2  
  50  4:39  Probe x2 (Chrono Boost)  
  51  4:46  Warp Prism (Chrono Boost)  
  51  4:49  Probe x2 (Chrono Boost)  
  55  4:54  Probe  
  55  4:57  Probe  
  57  5:06  Stalker x2  
Show
View Real Time Build Order
Export as new Build Order

SpeCial Terran - Winner!

Build Orders: Banshee Rush 

Get SALT Encoding   

  12  0:00  SCV  
  13  0:12  SCV  
  14  0:17  Supply Depot  
  14  0:24  SCV  
  15  0:39  SCV  
  15  0:41  Barracks  
  16  0:44  Refinery  
  16  0:51  SCV  
  16  0:54  Refinery  
  17  1:03  SCV  
  18  1:15  SCV  
  19  1:28  Reaper, Orbital Command  
  20  1:34  Supply Depot  
  20  1:42  Factory  
  20  1:54  SCV  
  20  2:00  Reaper  
  22  2:06  SCV  
  23  2:17  Command Center  
  23  2:21  SCV  
  24  2:27  Factory Reactor  
  24  2:33  SCV  
  25  2:41  Starport  
  26  2:44  Reaper  
  26  2:45  SCV  
  26  2:47  Supply Depot  
  27  2:57  SCV  
  28  3:04  Hellion  
  30  3:09  Hellion, SCV  
  33  3:19  Starport Tech Lab  
  33  3:21  SCV  
  33  3:25  Hellion  
  36  3:30  Hellion, Orbital Command  
  39  3:34  SCV  
  39  3:37  Cloaking Field, Banshee  
  42  3:46  SCV  
  43  3:49  Supply Depot  
  43  3:56  SCV, Marine x2  
  43  4:01  SCV  
  43  4:02  Factory Tech Lab  
  47  4:08  SCV  
  48  4:13  SCV  
  48  4:14  Marine x2  
  50  4:20  SCV  
  50  4:23  Banshee  
  52  4:25  SCV  
  52  4:28  Siege Tank  
  56  4:32  SCV, Bunker, Marine x2  
  56  4:37  SCV  
  56  4:40  Barracks  
  56  4:44  SCV  
  53  4:48  Supply Depot  
  53  4:50  SCV, Marine x2, Barracks  
  56  4:56  SCV  
  56  4:58  Bunker  
  57  5:00  Siege Tank  
  57  5:02  SCV  
  61  5:07  Marine  
  61  5:10  SCV, Marine  
  62  5:25  SCV  
  62  5:26  SCV  

Tags
 
Add a new tag
Caveats
  • Supply blocks, unpowered buildings, or Contaminate may cause inaccurate times.
  • Supply counts are checked every 10 seconds.